 Dungeon Crawl Stone Soup version 0.32-a0-918-g0f22ef8d61 (webtiles) character file.

Game seed: 1678973990924168182

25 IdlyInterested the Trooper (level 2, -1/24 HPs)
             Began as a Demonspawn Fighter on Apr 11, 2024.
             Slain by a ribbon worm (7 damage)
             ... on level 2 of the Dungeon.
             The game lasted 00:02:22 (800 turns).

IdlyInterested the Trooper (Demonspawn Fighter)      Turns: 800, Time: 00:02:23

Health: -1/24      AC:  6    Str: 16    XL:     2   Next: 82%
Magic:  2/2        EV:  8    Int:  8    God:
Gold:   54         SH:  4    Dex: 12    Spells: 1/1 levels left

rFire   . . .        i - +0 spear
rCold   . . .        b - +0 buckler
rNeg    . . .        a - +0 scale mail
rPois   .            (no helmet)
rElec   .            (no cloak)
rCorr   .            (no gloves)
SInv    .            (no boots)
Will    .....        (no amulet) Stlth
                     (no ring)
HPRegen 0.24/turn    (no ring)
MPRegen 0.08/turn

%: no passive effects
@: no status effects
A: hooves 1
a: no special abilities


You were on level 2 of the Dungeon.
You visited 1 branch of the dungeon, and saw 2 of its levels.

You collected 54 gold pieces.

Inventory:

Hand Weapons
 d - a +0 whip
 f - a +0 dagger
 i - a +0 spear (weapon)
Missiles
 e - 8 stones (quivered)
Armour
 a - a +0 scale mail (worn)
 b - a +0 buckler (worn)
Jewellery
 j - a ring of magical power
Potions
 c - 2 potions of might
 g - a potion of brilliance {unknown}
 h - a potion of curing {unknown}
 k - a potion of haste {unknown}


   Skills:
 + Level 3.3 Fighting
 * Level 0.1 Throwing
 - Level 2.6 Armour
 - Level 1.0 Dodging
 - Level 1.0 Stealth
 + Level 2.9 Shields
 - Level 1.7 Unarmed Combat


You had one spell level left.
You didn't know any spells.
Your spell library was empty.

Dungeon Overview and Level Annotations

Branches:
Dungeon (1/15)

Altars:

Shops:
D:2 [


Innate Abilities, Weirdness & Mutations

You have large cloven feet.


Message History

The ribbon worm bites you.
You barely miss the ribbon worm.
The ribbon worm is moderately wounded.
The ribbon worm bites you.
You barely miss the ribbon worm.
The ribbon worm is moderately wounded.
The ribbon worm bites you.
* * * LOW HITPOINT WARNING * * *
You barely miss the ribbon worm. Your kick misses the ribbon worm.
The ribbon worm is lightly wounded.
The ribbon worm expels a string of sticky webbing.
The stream of webbing hits you but does no damage.
You are caught in a web!
The web tears apart.
The ribbon worm expels a string of sticky webbing.
The stream of webbing hits you but does no damage.
You are caught in a web!
The web tears apart.
You hit the ribbon worm but do no damage.
You kick the ribbon worm.
The ribbon worm is moderately wounded.
The ribbon worm closely misses you.
You hit the ribbon worm. You kick the ribbon worm.
The ribbon worm is moderately wounded.
The ribbon worm bites you.
* * * LOW HITPOINT WARNING * * *
You hit the ribbon worm. You kick the ribbon worm.
The ribbon worm is severely wounded.
The ribbon worm expels a string of sticky webbing.
The stream of webbing misses you.
You barely miss the ribbon worm.
The ribbon worm is severely wounded.
The ribbon worm closely misses you.
You hit the ribbon worm.
The ribbon worm is severely wounded.
The ribbon worm closely misses you.
You barely miss the ribbon worm.
The ribbon worm is heavily wounded.
The ribbon worm bites you!
You die...

#...........##.#
########.......#
#.####### #.#
#.# #.# # #.# ##
##.# #.# #.#w..#
#.#######@#
#........#$....#
########...##..#
#...# # #..#)#
#.#...# .#..∩..#
. #...#.. .
#.#...


You could see a ribbon worm (catching breath).

Vanquished Creatures
  An adder (D:2)
  4 endoplasms
  A giant cockroach (D:1)
  A hobgoblin (D:2)
  A quokka (D:2)
  A ball python (D:2)
  2 bats (D:1)
  2 goblins (D:1)
  2 rats
15 creatures vanquished.

Notes
Turn   | Place    | Note
-------+----------+-------------------------------------------
     0 | D:1      | IdlyInterested the Demonspawn Fighter began the quest for
                  | the Orb.
     0 | D:1      | Reached XP level 1. HP: 18/18 MP: 1/1
   109 | D:1      | Reached skill level 1 in Stealth
   505 | D:1      | You fall into a shaft and drop 1 floor!
   534 | D:2      | Gained mutation: You have large cloven feet. [demonic
                  | ancestry]
   534 | D:2      | Reached XP level 2. HP: 24/24 MP: 2/2
   615 | D:2      | Reached skill level 1 in Dodging
   777 | D:2      | Found Nojaohij's Armour Boutique.
   800 | D:2      | Slain by a ribbon worm

Illustrated notes

Levels and vault maps discovered:
D:1:      dpeg_arrival_lava_temple_mockup, layout_basic, serial_shops, shop
D:2:      layout_loops_ring, serial_shops, nicolae_diamond_shop

Skill      XL: |  1  2 |
---------------+-------+-----
Stealth        | 1 |  1.0
Dodging        | 1 |  1.0
Fighting       | |  3.3
Throwing       | |  0.1
Armour         | |  2.6
Shields        | |  2.9
Unarmed Combat | |  1.7

Action                     || total
---------------------------++-------
  Melee: Whip              ||    34
         Spear             ||    43
         Kick              ||    10
 Armour: Scale mail        ||    39
  Dodge: Dodged            ||    27
  Block: Buckler           ||     4

Table legend: (Time is in decaauts)
 A = Elapsed time spent in this place.
 B = Non-inter-level travel time spent in this place.
 C = Inter-level travel time spent in this place.
 D = Time resting spent in this place.
 E = Time spent auto-exploring this place.
 F = Levels seen in this place.
 G = Mean time per level.
                   A        B        C        D        E       F      G
               +--------+--------+--------+--------+--------+-----+--------+
         Total |    809 |    809 |      0 |     49 |    578 |   2 |  404.5 |
       Dungeon |    809 |    809 |      0 |     49 |    578 |   2 |  404.5 |
               +--------+--------+--------+--------+--------+-----+--------+

Top non-repeatable levels by time:
     D:1: 508 daAuts
     D:2: 300 daAuts
